 Dungeon Crawl Stone Soup version 0.25-a0-163-g00f8f0cddd (webtiles) character file.

Game seed: 5253875536697082464, levelgen mode: deterministic

59253 MrRokkomies the Unseen (level 14, -28/108 HPs)
             Began as a Vampire Enchanter on Nov 22, 2019.
             Was a Priest of Sif Muna.
             Killed from afar by an ogre mage (43 damage)
             ... with a bolt of lightning
             ... on level 2 of the Orcish Mines.
             The game lasted 01:25:37 (21260 turns).

MrRokkomies the Unseen (Vampire Enchanter)         Turns: 21260, Time: 01:25:39

Health: -28/108    AC: 21    Str:  8    XL:     14   Next: 52%
Magic:  17/21      EV: 11    Int: 24    God:    Sif Muna [***...]
Gold:   2483       SH:  5    Dex: 16    Spells: 7/17 levels left

rFire    + + +     SeeInvis +   a - +10 short sword "Gitzasuh" {vamp, rF+}
rCold    . . .     Gourm    .   n - +0 buckler
rNeg     . . .     Faith    .   E - +5 fire dragon scales
rPois    +         Spirit   .   j - +0 mask of the Dragon {MR+ Slay+3 SInv}
rElec    .         Reflect  .   w - scarf {rC+ rF+}
rCorr    .         Harm     .   e - +0 pair of gloves
MR       ++...                  p - +2 pair of boots
Stlth    ++++......             f - amulet of regeneration
HPRegen  0.88/turn              S - ring of poison resistance
MPRegen  0.17/turn              x - +4 ring of intelligence

@: regenerating quickly
A: no food, fangs 3, see invisible, unbreathing
a: Exsanguinate, Channel Magic, Forget Spell, Renounce Religion


You were on level 2 of the Orcish Mines.
You worshipped Sif Muna.
Sif Muna was most pleased with you.
You were alive.

You visited 4 branches of the dungeon, and saw 21 of its levels.
You also visited: Bailey and Volcano.

You collected 2483 gold pieces.

Inventory:

Hand Weapons
 a - the +10 short sword "Gitzasuh" (weapon) {vamp, rF+}
   (You found it on level 12 of the Dungeon)

   It inflicts no extra harm, but heals its wielder when it wounds a living foe.
   It protects you from fire.
Missiles
 d - 129 poisoned darts
 g - 550 stones (quivered)
 B - a throwing net
 M - 12 curare-tipped darts
Armour
 e - a +0 pair of gloves (worn)
 j - the +0 mask of the Dragon (worn) {MR+ Slay+3 SInv}
   (You found it on level 9 of the Dungeon)

   It affects your accuracy and damage with ranged weapons and melee attacks
   (+3).
   It affects your resistance to hostile enchantments.
   It lets you see invisible.
 n - a +0 buckler (worn)
 p - a +2 pair of boots (worn)
 w - a scarf of resistance (worn)
 D - a +2 cloak of invisibility
 E - +5 fire dragon scales (worn)
Jewellery
 c - an uncursed ring of protection from fire
 f - an amulet of regeneration (around neck)
 q - an uncursed ring of protection from magic
 x - a +4 ring of intelligence (right hand)
 K - an uncursed ring of magical power
 P - an uncursed ring of ice
 S - a ring of poison resistance (left hand)
Wands
 t - a wand of digging (13)
 u - a wand of clouds (9)
 F - a wand of acid (3)
 V - a wand of iceblast (5)
Scrolls
 i - 6 scrolls of remove curse
 k - 2 scrolls of blinking
 m - 10 scrolls of identify
 r - 4 scrolls of immolation
 s - a scroll of teleportation
 v - 2 scrolls of enchant weapon
 L - a scroll of summoning
 Q - 3 scrolls of brand weapon
 T - a scroll of silence
 X - a scroll of magic mapping
 Z - a scroll of fear
Potions
 b - a potion of flight
 l - 3 potions of brilliance
 o - 3 potions of curing
 y - a potion of invisibility
 z - 2 potions of heal wounds
 A - 2 potions of cancellation
 C - 2 potions of magic
 G - 3 potions of resistance
 H - 2 potions of haste
 I - 3 potions of might
 J - a potion of agility
 N - 3 potions of ambrosia
 R - a potion of berserk rage
 Y - 2 potions of lignification
Miscellaneous
 h - a phantom mirror


   Skills:
 * Level 9.0 Fighting
 - Level 10.0 Short Blades
 * Level 9.7 Armour
 - Level 9.2 Dodging
 - Level 15.0 Stealth
 - Level 4.0 Shields
 - Level 2.0 Spellcasting
 - Level 12.0 Hexes
 + Level 3.0 Translocations
 + Level 10.0 Invocations


You had 7 spell levels left.
You knew the following spells:

 Your Spells              Type           Power        Failure   Level  Hunger
a - Tukima's Dance        Hex            ######..     2%          3    N/A
b - Ensorcelled Hibernat  Hex/Ice        ####..       14%         2    N/A
c - Confuse               Hex            ######..     2%          3    N/A
d - Blink                 Tloc           N/A          43%         2    N/A

Your spell library contained the following spells:

 Spells                   Type           Power        Failure   Level  Hunger
 Confusing Touch          Hex            ######       1%          1    N/A
 Corona                   Hex            ######.      1%          1    N/A
 Slow                     Hex            ######..     1%          2    N/A
 Dazzling Spray           Conj/Hex       ####..       28%         3    N/A
 Inner Flame              Hex/Fire       ####....     28%         3    N/A
 Summon Guardian Golem    Hex/Summ       ####....     28%         3    N/A
 Apportation              Tloc           ###...       32%         1    N/A
 Fulminant Prism          Conj/Hex       ####......   67%         4    N/A
 Animate Skeleton         Necr           N/A          73%         1    N/A
 Flame Tongue             Conj/Fire      #....        73%         1    N/A
 Magic Dart               Conj           #...         73%         1    N/A
 Shock                    Conj/Air       #...         73%         1    N/A
 Summon Small Mammal      Summ           #...         73%         1    N/A
 Call Imp                 Summ           #.......     86%         2    N/A
 Passwall                 Tmut/Erth      #.......     86%         2    N/A
 Searing Ray              Conj           #.....       86%         2    N/A
 Swiftness                Chrm/Air       #.......     86%         2    N/A
 Throw Flame              Conj/Fire      #.....       86%         2    N/A
 Summon Mana Viper        Hex/Summ       ####....     95%         5    N/A
 Conjure Flame            Conj/Fire      #.......     97%         3    N/A
 Ignite Poison            Fire/Tmut/Pois #.......     97%         3    N/A
 Mephitic Cloud           Conj/Pois/Air  #.......     97%         3    N/A
 Static Discharge         Conj/Air       #.......     97%         3    N/A
 Force Lance              Conj/Tloc      #.......     99%         4    N/A
 Airstrike                Air            #.........   100%        4    N/A
 Iskenderun's Mystic Bla  Conj           #.......     100%        4    N/A
 Sticky Flame             Conj/Fire      #.......     100%        4    N/A
 Aura of Abjuration       Summ           #.........   100%        5    N/A
 Fireball                 Conj/Fire      #.........   100%        5    N/A
 Lightning Bolt           Conj/Air       #.........   100%        5    N/A
 Bolt of Fire             Conj/Fire      #.........   100%        6    N/A
 Ring of Flames           Chrm/Fire      #.........   100%        7    N/A
 Chain Lightning          Conj/Air       #.........   100%        8    N/A
 Ignition                 Fire           #.........   100%        8    N/A

Dungeon Overview and Level Annotations

Branches:
Dungeon (12/15)            Temple (1/1) D:4            Lair (6/6) D:11
  Swamp (0/4) Lair:2       Spider (0/4) Lair:2        Slime (0/5) Lair:6
    Orc (2/2) D:11            Elf (0/3) Orc:2        Bailey (visited)
Volcano (visited)

Altars:
Ashenzari
Cheibriados
Dithmenos
Elyvilon
Fedhas
Gozag
Hepliaklqana
Kikubaaqudgha
Makhleb
Nemelex Xobeh
Okawaru
Qazlal
Ru
Sif Muna
Trog
Uskayaw
Vehumet
Wu Jian
Xom
Yredelemnul
Zin
The Shining One
Jiyva

Shops:
Orc:2 ?

Annotations:
D:9 4 runed translucent doors
Orc:1 5 runed translucent doors, exclusion: orange crystal statue, Livinna's ghost, journeyman TrHu


Innate Abilities, Weirdness & Mutations

You do not eat.
Your natural rate of healing is unusually fast.
You have razor-sharp teeth.
You have supernaturally acute eyesight. (SInv)
You can survive without breathing.


Message History

The troll claws you but does no damage.
The cyclops hits you but does no damage.
You see here a +0 giant club.
An orc wizard comes into view. It is wielding a +0 dagger.
The orc warrior throws a boomerang.
The boomerang hits you but does no damage.
The weapon returns to the orc warrior!
The two-headed ogre hits you but does no damage.
The two-headed ogre hits you with a +0 giant club!
The orc warrior throws a boomerang.
The boomerang hits you!
* * * LOW HITPOINT WARNING * * *
The weapon returns to the orc warrior!
The ogre mage points at you and mumbles some strange words.
You resist with almost no effort.
The orc warrior throws a boomerang.
The boomerang hits you!
* * * LOW HITPOINT WARNING * * *
The weapon returns to the orc warrior!
The ogre mage points at you and mumbles some strange words.
The bolt of lightning hits you!!!
You die...

#...........# #..........### #..
##.))).......###............##...
#..))............................
#....................#...........
.......#.............#...........
.......##........<..####.........
<....#####..........# ##.........
.....### #........#####.o....)...
.......###......@..#.##oo.)).....
.......#.........T...............
................COOT..o........^.
#.##.........##....O........#.#..
#####........#...O.T)....#.####..
##......####.O#O.o...#### #.
#..#....# #.....#.....# .
####...## ##......#..## #...##
#......##.##


You could see 3 two-headed ogres, an ogre mage, a cyclops, 3 trolls, an orc
warrior, 2 ogres and an orc.

Vanquished Creatures
  Rupert (Lair:3)
  2 fire dragons (Lair:6)
  Harold (D:8)
  7 hydras
  Erica (D:10)
  A centaur warrior (D:12)
  2 two-headed ogres (D:12)
  Nergalle (D:10)
  2 skeletal warriors (Volcano)
  An anaconda skeleton (Volcano)
  A swamp dragon (Lair:6)
  3 lindwurms (Lair:6)
  2 orc knights
  3 cyclopes
  2 orc sorcerers (Orc:1)
  3 ugly things (D:12)
  A manticore (shapeshifter) (D:12)
  9 elephants
  A black mamba (Lair:5)
  6 torpor snails
  A guardian serpent (shapeshifter) (D:12)
  9 spiny frogs
  5 gargoyles
  5 rime drakes
  6 komodo dragons
  3 tyrant leeches (Lair:6)
  A polar bear (Lair:6)
  6 trolls
  7 hornets (Lair:6)
  Prince Ribbit (D:6)
  14 blink frogs
  10 dream sheep
  A bog body (Lair:2)
  8 hippogriffs
  A harpy skeleton (Volcano)
  A meliai zombie (D:11)
  2 spriggans
  2 flying skulls (Volcano)
  2 alligator skeletons (Volcano)
  4 wyverns
  21 yaks
  3 basilisks
  A steam dragon (Lair:6)
  2 wargs
  Menkaure (D:6)
  2 acid dragons (Lair:6)
  10 water moccasins
  A black bear (D:8)
  3 porcupines
  A swamp drake (Lair:6)
  An eye of draining (D:11)
  19 orc warriors
  2 phantoms
  4 sky beasts
  A hornet zombie (D:9)
  A necrophage (D:8)
  10 ogres
  8 centaurs
  14 crocodiles
  3 big kobolds
  19 bullfrogs
  Blork the orc (D:5)
  A gnoll sergeant (D:6)
  A water moccasin zombie (D:9)
  A wyvern skeleton (D:12)
  4 scorpions
  3 killer bees (D:12)
  5 wights
  5 spriggan skeletons (Volcano)
  A troll skeleton (Volcano)
  5 electric eels
  5 crimson imps
  A howler monkey (D:4)
  2 bullfrog zombies
  2 centaur zombies
  14 orc wizards
  3 quasits
  9 orc priests
  3 bullfrog skeletons
  3 hounds
  3 centaur skeletons
  A gnoll shaman (Orc:2)
  6 iguanas
  Natasha (twice) (D:3)
  Terence (D:2)
  9 worker ants
  A naga skeleton (Volcano)
  A hound skeleton (D:6)
  A mummy (D:7)
  2 worker ant zombies (D:10)
  14 gnolls
  10 adders
  An adder skeleton (D:5)
  3 worms
  6 leopard geckos
  81 orcs
  7 bats
  4 giant cockroaches
  8 goblins
  4 hobgoblins
  3 jackals (D:8)
  18 kobolds
  8 quokkas
  3 ball pythons
  A ball python zombie (D:5)
  5 frilled lizards
  A quokka skeleton (D:4)
  4 rats
543 creatures vanquished.

Vanquished Creatures (collateral kills)
  A two-headed ogre (D:11)
  3 ogres
  5 wights
  A gnoll (D:6)
  4 orcs (D:11)
14 creatures vanquished.

Vanquished Creatures (others)
  A flying skull (Volcano)
  A human (D:10)
  A hound zombie (D:10)
  A kobold (D:10)
  8 fungi (Lair:6)
  27 plants
39 creatures vanquished.

Grand Total: 596 creatures vanquished

Notes
Turn   | Place    | Note
-------+----------+-------------------------------------------
     0 | D:1      | MrRokkomies the Vampire Enchanter began the quest for the
                  | Orb.
     0 | D:1      | Reached XP level 1. HP: 13/13 MP: 3/3
    36 | D:1      | You fall into a shaft and drop 1 floor!
   136 | D:1      | Reached XP level 2. HP: 16/19 MP: 3/5
   140 | D:1      | Learned a level 2 spell: Ensorcelled Hibernation
   698 | D:1      | Reached skill level 5 in Hexes
   983 | D:2      | Noticed Terence
   988 | D:2      | Killed Terence
   988 | D:2      | Reached skill level 5 in Stealth
   988 | D:2      | Reached XP level 3. HP: 24/24 MP: 3/6
  1489 | D:2      | Found a faded altar of an unknown god.
  1570 | D:2      | Reached XP level 4. HP: 30/30 MP: 3/7
  1709 | D:3      | Learned a level 3 spell: Confuse
  1764 | D:3      | Noticed a centaur
  1772 | D:3      | Killed a centaur
  1772 | D:3      | Reached skill level 1 in Shields
  1772 | D:3      | Reached XP level 5. HP: 35/35 MP: 8/8
  1896 | D:3      | Noticed Natasha
  2206 | D:3      | Killed Natasha
  2206 | D:3      | Reached skill level 6 in Stealth
  2206 | D:3      | Reached XP level 6. HP: 41/41 MP: 6/9
  2724 | D:3      | Noticed Natasha
  2733 | D:3      | Killed Natasha
  2836 | D:4      | Found a staircase to the Ecumenical Temple.
  2845 | Temple   | Entered the Ecumenical Temple
  3029 | Temple   | Became a worshipper of Sif Muna the Loreminder
  3094 | Temple   | Learned a level 3 spell: Tukima's Dance
  3155 | D:4      | Reached XP level 7. HP: 32/46 MP: 3/10
  3282 | D:4      | Reached skill level 5 in Short Blades
  3372 | D:4      | Found a hide-covered altar of Uskayaw.
  3373 | D:4      | Found a blossoming altar of Fedhas.
  3373 | D:4      | Found a white marble altar of Elyvilon.
  3588 | D:4      | Reached skill level 7 in Stealth
  3998 | D:4      | Found a shadowy altar of Dithmenos.
  4004 | D:4      | Found a sparkling altar of Nemelex Xobeh.
  4004 | D:4      | Found an opulent altar of Gozag.
  4009 | D:4      | Found an ancient bone altar of Kikubaaqudgha.
  4051 | D:5      | Entered Level 5 of the Dungeon
  4193 | D:5      | Noticed Blork the orc
  4205 | D:5      | Killed Blork the orc
  4351 | D:5      | Reached XP level 8. HP: 52/52 MP: 2/11
  4671 | D:5      | Reached * piety under Sif Muna
  5164 | D:6      | Noticed Prince Ribbit
  5182 | D:6      | Killed Prince Ribbit
  5182 | D:6      | Reached skill level 8 in Stealth
  5326 | D:6      | Reached skill level 10 in Hexes
  5362 | D:6      | Found a white marble altar of Elyvilon.
  5609 | D:6      | Reached XP level 9. HP: 55/57 MP: 7/12
  5643 | D:6      | Noticed Menkaure
  5651 | D:6      | Killed Menkaure
  5886 | D:7      | Reached skill level 9 in Stealth
  5995 | D:7      | Found a flagged portal.
  6002 | D:7      | Reached ** piety under Sif Muna
  6008 | Bailey   | Entered a bailey
  6489 | Bailey   | Noticed an orc knight
  6587 | Bailey   | Killed an orc knight
  6941 | D:7      | Found a snail-covered altar of Cheibriados.
  7693 | D:8      | Reached skill level 10 in Stealth
  8019 | D:8      | Noticed Harold
  8026 | D:8      | Killed Harold
  8026 | D:8      | Reached XP level 10. HP: 63/63 MP: 13/13
  8446 | D:8      | Reached skill level 10 in Short Blades
  8525 | D:9      | Reached *** piety under Sif Muna
  8576 | D:9      | Reached skill level 5 in Invocations
  8594 | D:9      | Found a runed translucent door.
  8606 | D:9      | Found a runed translucent door.
  8618 | D:9      | Found a runed translucent door.
  8629 | D:9      | Found a runed translucent door.
  8731 | D:9      | Reached skill level 11 in Stealth
  8797 | D:9      | Found the +0 mask of the Dragon {MR+ Slay+3 SInv}
  9331 | D:10     | Entered Level 10 of the Dungeon
  9486 | D:10     | Noticed Erica
  9513 | D:10     | Killed Erica
  9513 | D:10     | Reached skill level 5 in Dodging
  9520 | D:10     | Noticed Nergalle
  9617 | D:10     | Reached **** piety under Sif Muna
  9667 | D:10     | Killed Nergalle
  9667 | D:10     | Reached XP level 11. HP: 68/68 MP: 9/15
  9777 | D:10     | Found an ancient bone altar of Kikubaaqudgha.
 10162 | D:10     | Reached skill level 12 in Stealth
 10306 | D:11     | Found a shimmering blue altar of Sif Muna.
 10329 | D:11     | Reached skill level 1 in Armour
 10356 | D:11     | Noticed a two-headed ogre
 10371 | D:11     | Killed a two-headed ogre
 10583 | D:11     | Found a staircase to the Lair.
 10795 | D:11     | Reached ***** piety under Sif Muna
 10795 | D:11     | Identified Sif Muna's Volume of Feathers and Fire (Sif Muna
                  | gifted it to you on level 11 of the Dungeon)
 10795 | D:11     | Received a gift from Sif Muna
 10827 | D:11     | Found a staircase to the Orcish Mines.
 10984 | Lair:1   | Entered Level 1 of the Lair of Beasts
 11033 | Lair:1   | Found a dark tunnel.
 11047 | Volcano  | Entered a volcano
 11096 | Volcano  | Noticed a skeletal warrior
 11139 | Volcano  | Killed a skeletal warrior
 11298 | Volcano  | Noticed a skeletal warrior
 11307 | Volcano  | Killed a skeletal warrior
 11379 | Volcano  | Reached skill level 13 in Stealth
 11819 | Lair:1   | Reached XP level 12. HP: 73/74 MP: 17/17
 12521 | Lair:2   | Noticed a four-headed hydra
 12532 | Lair:2   | Killed a four-headed hydra
 12535 | Lair:2   | Reached skill level 5 in Armour
 12579 | Lair:2   | Reached skill level 1 in Fighting
 12722 | Lair:2   | Found a hole to the Spider Nest.
 12891 | Lair:2   | Found a staircase to the Swamp.
 13615 | Lair:3   | Noticed Rupert
 13658 | Lair:3   | Paralysed by Rupert for 4 turns
 13669 | Lair:3   | Killed Rupert
 13669 | Lair:3   | Reached skill level 14 in Stealth
 14410 | Lair:4   | You fall into a shaft and drop 2 floors!
 14410 | Lair:6   | Entered Level 6 of the Lair of Beasts
 14420 | Lair:6   | Found a staircase to the Slime Pits.
 14420 | Lair:6   | Found a viscous altar of Jiyva.
 14531 | Lair:6   | Noticed an eight-headed hydra
 14531 | Lair:6   | Noticed a six-headed hydra
 14631 | Lair:6   | Reached XP level 13. HP: 83/90 MP: 16/19
 14821 | Lair:6   | Reached skill level 5 in Fighting
 15557 | Lair:4   | Reached skill level 15 in Stealth
 15566 | Lair:4   | Identified Nuodwy's Reference Book on the Shifting
                  | Entourage (Sif Muna gifted it to you on level 4 of the Lair
                  | of Beasts)
 15566 | Lair:4   | Received a gift from Sif Muna
 17211 | Lair:5   | Learned a level 2 spell: Blink
 17281 | Lair:5   | Found a bloodstained altar of Trog.
 17774 | Lair:6   | Reached skill level 1 in Translocations
 17883 | Lair:6   | Noticed a fire dragon
 17913 | Lair:6   | Killed a fire dragon
 17913 | Lair:6   | Reached XP level 14. HP: 80/104 MP: 12/21
 18084 | Lair:6   | Paralysed by a hornet for 2 turns
 18432 | Lair:6   | Found a runed translucent door.
 18714 | Lair:6   | Received a gift from Sif Muna
 19155 | Orc:1    | Entered Level 1 of the Orcish Mines
 19782 | D:12     | Found a blossoming altar of Fedhas.
 20010 | D:12     | Identified the +10 short sword "Gitzasuh" {vamp, rF+} (You
                  | found it on level 12 of the Dungeon)
 20029 | D:12     | Identified the +2 ring mail of Fun {*Slow Str+6 Stlth+}
                  | (You found it on level 12 of the Dungeon)
 20594 | Orc:1    | Found a runed translucent door.
 20600 | Orc:1    | Found the +10 large shield of Ignorance {rN+ Int-4}
 20697 | Orc:1    | Found a runed translucent door.
 20877 | Orc:1    | Found a runed translucent gate.
 20878 | Orc:1    | Found a runed translucent gate.
 20879 | Orc:1    | Found a runed translucent gate.
 20938 | Orc:1    | Noticed Livinna's ghost (journeyman TrHu)
 21025 | Orc:2    | Entered Level 2 of the Orcish Mines
 21143 | Orc:2    | Found a staircase to the Elven Halls.
 21225 | Orc:2    | Found Bestux's Magic Scroll Shoppe.
 21228 | Orc:2    | Reached skill level 10 in Invocations
 21260 | Orc:2    | Killed from afar by an ogre mage

Levels and vault maps discovered:
D:1:      sevenhm_arrival_forest_fort_small_3, layout_basic
D:2:      layout_loops_ring, chequers_ecumenical_altar_lobes, first_ration,
          uniq_terence
D:3:      layout_basic, kennysheep_minor_cross, uniq_natasha
D:4:      layout_loops_ring, minitemple, gammafunk_temple_overflow_forgotten,
          minmay_temple_entry_wispy
D:5:      layout_loops_corners, serial_park_tiny_2, minmay_misc_feat_diagonals,
          uniq_blork_the_orc
D:6:      layout_basic, elyvilon_altar_3, uniq_menkaure, uniq_prince_ribbit1
D:7:      layout_basic, slow_altar_1, enter_bailey_3
D:8:      layout_loops_ring, uniq_harold
D:9:      layout_long_grid, the_bakery, minmay_statue_crystal_thing
D:10:     layout_big_octagon, abandoned_shop, tgw_kikubaaqudgha, uniq_erica,
          uniq_nergalle
D:11:     layout_rooms, david_lair_shrubbed, david_orc_4, basic_altar,
          minivault_26
D:12:     minmay_the_grid_triangle_9x9_recursive_2_mashed
          [minmay_the_grid_triangle_9x9_prize_schism,
          minmay_the_grid_triangle_9x9_pentomino_pain,
          minmay_the_grid_triangle_9x9_shrine,
          minmay_the_grid_triangle_9x9_minimal], layout_irregular_city
Temple:   eino_narrow_crystal_temple
Lair:1:   layout_roguey, nicolae_volcano_entry_two_sided, serial_bayou_shore_a,
          lemuel_fruit_fields, grunt_megastairs_4, lemuel_fruit_fields,
          lemuel_fruit_tree
Lair:2:   layout_roguey, skrybe_swamp_entry_bodies, dummy_spider_entry,
          hangedman_lair_unloving_vines, infiniplex_staircase_pool
Lair:3:   layout_small_grid, grunt_forest_large_clearing_hut, uniq_rupert
Lair:4:   layout_gridlike, beast_lair_carwin_11
Lair:5:   layout_layer_cave, basic_altar, serial_bayou_lagoon_b
Lair:6:   wormcave, layout_long_grid, guppyfry_lair_end_dragon, slime_altar_1
Orc:1:    layout_caves, gammafunk_ghost_necromancy,
          chequers_guarded_unrand_ignorance
Orc:2:    st_orc_open, layout_diamond_mine, serial_shops,
          nicolae_shop_behind_doors

Skill      XL: |  1  2  3  4  5  6  7  8  9 10 11 12 13 14 |
---------------+-------------------------------------------+-----
Hexes          | 5 6 7 8 10 12 | 12.0
Short Blades   | 2 3 4 6 7 9 10 | 10.0
Stealth        | 5 6 7 8 10 11 13 14 15 | 15.0
Shields        | 1 2 3 4 |  4.0
Invocations    | 4 6 7 8 9 10 | 10.0
Dodging        | 5 8 9 |  9.2
Armour         | 4 6 8 9 |  9.7
Fighting       | 4 7 9 |  9.0
Translocations | 1 3 |  3.0
Spellcasting   | |  2.0

Action                   |  1- 3 |  4- 6 |  7- 9 | 10-12 | 13-15 || total
-------------------------+-------+-------+-------+-------+-------++-------
Melee: Dagger            |   119 |   183 |   533 |   927 |   885 ||  2647
       Bite              |     4 |    13 |    52 |    96 |   137 ||   302
       Short sword       |       |       |       |       |   211 ||   211
Throw: Stone             |       |       |     1 |     1 |    21 ||    23
       Dart              |       |       |     3 |     8 |       ||    11
       Throwing net      |       |       |       |     3 |     1 ||     4
 Cast: Corona            |     1 |       |       |       |       ||     1
       Ensorcelled Hiber |     8 |    25 |    30 |    38 |    80 ||   181
       Confuse           |       |     2 |    35 |    33 |    40 ||   110
       Tukima's Dance    |       |     1 |     8 |     5 |     7 ||    21
       Chain Lightning   |       |       |       |       |     2 ||     2
Invok: Divine Exegesis   |       |       |       |       |     2 ||     2
  Use: Scroll            |     6 |     1 |     4 |    21 |     9 ||    41
       Potion            |       |     5 |     1 |     5 |     1 ||    12
 Stab: Sleeping          |    15 |    21 |    31 |    44 |    52 ||   163
       Confused          |       |       |     9 |    23 |    28 ||    60
       Invisible         |       |       |       |     5 |       ||     5
       Distracted        |       |       |       |     2 |     3 ||     5
       Held in net/web   |       |       |       |     2 |       ||     2
Armor: Robe              |    11 |    26 |     1 |       |       ||    38
       Ring mail         |    31 |    37 |   112 |       |       ||   180
       Fire dragon scale |       |       |    83 |   364 |   432 ||   879
Dodge: Dodged            |    75 |    98 |   160 |   272 |   367 ||   972
Block: Buckler           |     3 |    25 |    82 |   149 |   183 ||   442

Table legend:
 A = Non-vault XP
 B = Vault XP
 C = Vault XP percentage of total XP
 D = Non-vault monster count
 E = Vault monster count
 F = Vault count percentage of total count
                 A         B        C        D         E       F
            +---------+---------+-------+---------+---------+-------
      Total |   51885 |   32763 |  38.7 |     432 |     126 |  22.6
            +---------+---------+-------+---------+---------+-------
        D:1 |      25 |       0 |   0.0 |      16 |       0 |   0.0
        D:2 |      41 |      36 |  46.8 |      14 |       1 |   6.7
        D:3 |     365 |      36 |   9.0 |      30 |       1 |   3.2
        D:4 |     648 |       0 |   0.0 |      24 |       0 |   0.0
        D:5 |     427 |      76 |  15.1 |      16 |       1 |   5.9
        D:6 |     887 |     463 |  34.3 |      24 |       2 |   7.7
        D:7 |     477 |      26 |   5.2 |      14 |       5 |  26.3
        D:8 |    1465 |     981 |  40.1 |      23 |       1 |   4.2
        D:9 |    1782 |     220 |  11.0 |      43 |       1 |   2.3
       D:10 |    1696 |    1756 |  50.9 |      35 |       2 |   5.4
       D:11 |    3220 |     917 |  22.2 |      14 |      15 |  51.7
       D:12 |    3499 |    4014 |  53.4 |      13 |       9 |  40.9
     Lair:1 |    2925 |     101 |   3.3 |      13 |       1 |   7.1
     Lair:2 |    4790 |     257 |   5.1 |      20 |       1 |   4.8
     Lair:3 |    1751 |    3962 |  69.4 |      10 |       4 |  28.6
     Lair:4 |    4157 |    1376 |  24.9 |      16 |       7 |  30.4
     Lair:5 |    7406 |       0 |   0.0 |      30 |       0 |   0.0
     Lair:6 |   12463 |   11180 |  47.3 |      32 |      33 |  50.8
      Orc:1 |    3304 |       0 |   0.0 |      34 |       0 |   0.0
      Orc:2 |     557 |     938 |  62.7 |      11 |       6 |  35.3
     Bailey |       0 |    1149 | 100.0 |       0 |      17 | 100.0
    Volcano |       0 |    5275 | 100.0 |       0 |      19 | 100.0
            +---------+---------+-------+---------+---------+-------
